 Dungeon Crawl Stone Soup version 0.31-a0-934-gf4fcaacff8 (webtiles) character file.

Game seed: 4079367912833473897

35 kokonui the Poker (level 3, -2/29 HPs)
             Began as a Human Berserker on Oct 20, 2023.
             Was a Follower of Trog.
             Slain by a goblin
             ... wielding a +0 club
             ... led by Robin
              (6 damage)
             ... on level 2 of the Dungeon.
             The game lasted 00:05:50 (1358 turns).

kokonui the Poker (Human Berserker)                 Turns: 1358, Time: 00:05:51

Health: -2/29      AC:  6    Str: 19    XL:     3   Next: 55%
Magic:  3/3        EV: 11    Int:  7    God:    Trog [*.....]
Gold:   48         SH:  0    Dex: 12    Spells: 2/2 levels left

rFire   . . .        s - +0 quarterstaff
rCold   . . .        (shield currently unavailable)
rNeg    + . .        m - +0 ring mail
rPois   .            (no helmet)
rElec   .            (no cloak)
rCorr   .            (no gloves)
SInv    .            i - +0 pair of boots
Will    .....        (no amulet)
Stlth   +            d - ring of positive energy
HPRegen 0.24/turn    (no ring)
MPRegen 0.08/turn

%: no passive effects
@: on berserk cooldown, slowed, very slow
A: no striking features
a: Renounce Religion, Berserk


You were on level 2 of the Dungeon.
You worshipped Trog.
Trog was aware of your devotion.
You visited 1 branch of the dungeon, and saw 2 of its levels.

You collected 48 gold pieces.

Inventory:

Hand Weapons
 s - a +0 quarterstaff (weapon)
Armour
 i - a +0 pair of boots (worn)
 m - a +0 ring mail (worn)
Jewellery
 d - a ring of positive energy (left hand)
Scrolls
 f - a scroll of poison {unknown}
 h - a scroll of silence {unknown}
 j - a scroll of noise {unknown}
 n - a scroll of identify {unknown}
 p - a scroll of amnesia {unknown}
 q - a scroll of revelation {unknown}
Potions
 k - a potion of mutation {unknown}
 o - a potion of curing {unknown}
 t - a potion of heal wounds {unknown}


   Skills:
 + Level 3.4 Fighting
 + Level 3.4 Polearms
 + Level 0.1(2.0) Staves
 + Level 2.5 Armour
 + Level 2.2 Dodging


You had 2 spell levels left.
You didn't know any spells.
Your spell library was empty.

Dungeon Overview and Level Annotations

Branches:
Dungeon (2/15)

Altars:

Shops:
D:1 [


Message History

a +0 club; a goblin corpse You closely miss the goblin.
You barely miss the goblin.
The goblin hits you with a +0 dagger. x2
The goblin unwields a +0 club.
The goblin wields a +0 sling.
The goblin shoots a sling bullet.
The sling bullet closely misses you.
The sling bullet closely misses the goblin.
You closely miss the goblin. The goblin hits you with a +0 dagger.
* * * LOW HITPOINT WARNING * * *
The goblin closely misses you. The goblin hits you but does no damage.
You hit the goblin.
You kill the goblin!
Trog accepts your kill. The goblin closely misses you.
The goblin hits you with a +0 dagger.
* * * LOW HITPOINT WARNING * * *
You sock the goblin!
You kill the goblin!
Trog accepts your kill. The goblin closely misses you.
You are no longer berserk.
You are exhausted.
You feel yourself slow down. The goblin hits you with a +0 dagger.
* * * LOW HITPOINT WARNING * * *
The goblin shoots a sling bullet.
The sling bullet barely misses you.
Things that are here:
a +0 dagger; a goblin corpse
Okay, then.
You hit the goblin.
The goblin is moderately wounded.
The goblin hits you but does no damage. The goblin barely misses you.
You hit the goblin.
The goblin is heavily wounded.
The goblin unwields a +0 sling.
The goblin wields a +0 club.
The goblin closely misses you.
The goblin hits you but does no damage. x2
The goblin closely misses you. The goblin hits you but does no damage.
The goblin closely misses you.
Okay, then.
You closely miss the goblin.
The goblin is moderately wounded.
The goblin hits you with a +0 club.
You die...

#.# #.# #.#
#.# #.# #.#
#.#
#.###########
#..)g@.......
#..)gg.......
#............
#............
#............
##?..........
#...........
#...........


You could see 3 goblins.

Vanquished Creatures
  Robin (D:2)
  A giant cockroach (D:1)
  10 goblins
  4 kobolds
  2 bats (D:1)
  A frilled lizard (D:2)
  4 rats (D:1)
23 creatures vanquished.

Notes
Turn   | Place    | Note
-------+----------+-------------------------------------------
     0 | D:1      | kokonui the Human Berserker began the quest for the Orb.
     0 | D:1      | Reached XP level 1. HP: 18/18 MP: 1/1
   402 | D:1      | Reached XP level 2. HP: 24/24 MP: 2/2
   778 | D:1      | Found Enu Xioz's Armour Shoppe.
  1333 | D:2      | Noticed Robin
  1343 | D:2      | Reached XP level 3. HP: 27/29 MP: 3/3
  1347 | D:2      | Killed Robin
  1358 | D:2      | Slain by a goblin

Illustrated notes

Levels and vault maps discovered:
D:1:      dpeg_arrival_chambers_temple_mockup, layout_loops_ring, serial_shops,
          nicolae_shop_hallway_plus
D:2:      minmay_diamond_boxcup, layout_basic, uniq_robin

Action                     || total
---------------------------++-------
  Melee: Spear             ||    39
         Quarterstaff      ||    22
         Punch             ||     1
 Invoke: Berserk           ||     1
 Armour: Animal skin       ||    30
         Ring mail         ||    42
  Dodge: Dodged            ||    62

Table legend: (Time is in decaauts)
 A = Elapsed time spent in this place.
 B = Non-inter-level travel time spent in this place.
 C = Inter-level travel time spent in this place.
 D = Time resting spent in this place.
 E = Time spent auto-exploring this place.
 F = Levels seen in this place.
 G = Mean time per level.
                   A        B        C        D        E       F      G
               +--------+--------+--------+--------+--------+-----+--------+
         Total |   1351 |    922 |    429 |      0 |     42 |   2 |  675.5 |
       Dungeon |   1351 |    922 |    429 |      0 |     42 |   2 |  675.5 |
               +--------+--------+--------+--------+--------+-----+--------+

Top non-repeatable levels by time:
     D:1: 1290 daAuts
     D:2: 61 daAuts
